 Dungeon Crawl Stone Soup version 0.29.1-12-g30fa7ad0bf (webtiles) character file.

Game seed: 286825824110155663

88 fleeber the Digger (level 4, -4/24 HPs)
             Began as a Gargoyle Earth Elementalist on Dec 12, 2022.
             Slain by an iguana (5 damage)
             ... on level 5 of the Dungeon.
             The game lasted 00:05:30 (2216 turns).

fleeber the Digger (Gargoyle Earth Elementalist)    Turns: 2216, Time: 00:05:30

Health: -4/24      AC:  7    Str: 11    XL:     4   Next: 53%
Magic:  6/8        EV: 11    Int: 18    God:
Gold:   103        SH:  0    Dex: 10    Spells: 4/8 levels left

rFire   . . .      SeeInvis .   o - +2 mace (protect)
rCold   . . .      Faith    .   (no shield)
rNeg    + . .      Spirit   .   d - +0 leather armour
rPois   ∞          Reflect  .   (no helmet)
rElec   +          Harm     .   (no cloak)
rCorr   .          Rampage  .   (no gloves)
Will    .....                   e - +0 pair of boots
Stlth   ++........              g - amulet of magic regeneration
HPRegen 0.08/turn               (no ring)
MPRegen 0.51/turn               (no ring)

@: no status effects
A: sickness immunity, AC +3, negative energy resistance 1, electricity
resistance, torment resistance 1, petrification resistance
a: no special abilities


You were on level 5 of the Dungeon.
You visited 1 branch of the dungeon, and saw 4 of its levels.

You collected 103 gold pieces.

Inventory:

Hand Weapons
 o - a +2 mace of protection (weapon)
Armour
 a - a +0 robe
 d - a +0 leather armour (worn)
 e - a +0 pair of boots (worn)
Jewellery
 g - an amulet of magic regeneration (around neck)
Scrolls
 j - a scroll of identify {unknown}
 l - a scroll of torment {unknown}
 m - a scroll of magic mapping {unknown}
 n - a scroll of immolation {unknown}
Potions
 b - 3 potions of magic
 c - a potion of lignification {unknown}
 f - a potion of cancellation {unknown}
 h - 2 potions of curing {unknown}
 k - 2 potions of brilliance {unknown}


   Skills:
 - Level 1.5 Dodging
 - Level 2.1 Stealth
 + Level 2.9 Spellcasting
 + Level 2.3 Conjurations
 - Level 0.7 Transmutations
 + Level 4.6 Earth Magic


You had 4 spell levels left.
You knew the following spells:

 Your Spells              Type           Power      Damage    Failure   Level
a - Sandblast             Erth           38%        2d10      3%          1
b - Stone Arrow           Conj/Erth      30%        3d8       16%         3

Your spell library contained the following spells:

 Spells                   Type           Power      Damage    Failure   Level
 Magic Dart               Conj           44%        1d5       9%          1
 Passwall                 Tmut/Erth      10%        N/A       11%         2
 Searing Ray              Conj           22%        2d5       12%         2
 Summon Small Mammal      Summ           8%         N/A       22%         1
 Call Canine Familiar     Summ           2%         N/A       54%         3
 Summon Guardian Golem    Hex/Summ       2%         N/A       54%         3
 Petrify                  Tmut/Erth      12%        N/A       56%         4
 Fulminant Prism          Conj/Hex       3%         3d6       80%         4


Dungeon Overview and Level Annotations

Branches:
Dungeon (3/15)

Altars:


Innate Abilities, Weirdness & Mutations

You are immune to sickness and miasma.
Your stone body is resilient. (AC +3)
You are immune to poison.
You resist negative energy. (rN+)
You are resistant to electric shocks. (rElec)
You are resistant to unholy torment.
You are immune to petrification.


Message History

An iguana is nearby!
Found a plate armour.
A quokka comes into view.
Found a green potion.
You see here 17 gold pieces.
You can't see any susceptible monsters within range! (Use Z to cast anyway.)
Aiming: Sandblast (safe; 3% risk of failure)
Press: ? - help, Shift-Dir - straight line, f - iguana
Aim: an iguana (84% to hit)
The blast of sand hits the iguana but does no damage.
Aiming: Sandblast (safe; 3% risk of failure)
Press: ? - help, Shift-Dir - straight line, f/p - iguana
Aim: an iguana (84% to hit)
The blast of sand hits the iguana but does no damage.
The iguana bites you.
Aiming: Sandblast (safe; 3% risk of failure)
Press: ? - help, Shift-Dir - straight line, f/p - iguana
Aim: an iguana (84% to hit)
The blast of sand hits the iguana but does no damage.
The iguana bites you!
Aiming: Sandblast (safe; 3% risk of failure)
Press: ? - help, Shift-Dir - straight line, f/p - iguana
Aim: an iguana (84% to hit)
The blast of sand hits the iguana but does no damage.
The iguana bites you. The iguana barely misses you.
Aiming: Sandblast (safe; 3% risk of failure)
Press: ? - help, Shift-Dir - straight line, f/p - iguana
Aim: an iguana (84% to hit)
The blast of sand hits the iguana but does no damage.
The iguana bites you.
* * * LOW HITPOINT WARNING * * *
Aiming: Sandblast (safe; 3% risk of failure)
Press: ? - help, Shift-Dir - straight line, f/p - iguana
Aim: an iguana (84% to hit)
The blast of sand hits the iguana!
The iguana is severely wounded.
The iguana bites you.
* * * LOW HITPOINT WARNING * * *
The iguana bites you.
You die...

....##.##.........##.#.....
#....#............#.....l..
#^................#.....!..
.............#...##........
.............#....#$##
.............##......#
.....#.......##.##...#
.#....#..........l#......[
###..##.......#.@.#.8.8.8.
#.........#.....#?.......
#. .. #.....#.8...... .
##............. .#
#..?...8...... ...
............. ....
........... ....
..##........ ##.# ..
##.#.....


You could see an iguana.

Vanquished Creatures
  5 adders
  A worm (D:2)
  2 dart slugs (D:2)
  A ball python (D:1)
  An endoplasm (D:1)
  A giant cockroach (D:1)
  4 goblins
  4 hobgoblins
  4 kobolds
  3 quokkas
  5 bats
  3 frilled lizards
  4 rats
38 creatures vanquished.

Notes
Turn   | Place    | Note
-------+----------+-------------------------------------------
     0 | D:1      | fleeber the Gargoyle Earth Elementalist began the quest for
                  | the Orb.
     0 | D:1      | Reached XP level 1. HP: 10/10 MP: 3/3
    47 | D:1      | Found a faded altar of an unknown god.
   432 | D:1      | Reached XP level 2. HP: 15/15 MP: 3/5
   575 | D:1      | Reached skill level 1 in Conjurations
   851 | D:2      | Reached skill level 4 in Earth Magic
   908 | D:2      | Reached XP level 3. HP: 19/19 MP: 4/6
  1458 | D:2      | Learned a level 3 spell: Stone Arrow
  1623 | D:3      | Reached XP level 4. HP: 24/24 MP: 5/8
  2166 | D:3      | You fall into a shaft and drop 2 floors!
  2166 | D:5      | Entered Level 5 of the Dungeon
  2216 | D:5      | HP: 1/24 [iguana (6)]
  2216 | D:5      | Slain by an iguana

Illustrated notes

Levels and vault maps discovered:
D:1:      dreamdust_arrival_beginning_and_end, layout_loops_cross,
          shapermc_ecumenical_altar_mp_ritualfount, serial_bayou_crossing
D:2:      layout_basic
D:3:      layout_loops_ring, tso_altar
D:5:      layout_cave_pools, nemelex_diamond_rough_becter, serial_column_ruins,
          column_ruins_hut_ruined, column_ruins_circle_small,
          column_ruins_columns_corner, column_ruins_open_small,
          column_ruins_open_small, column_ruins_open_medium,
          column_ruins_corridor_T

Skill      XL: |  1  2  3 |
---------------+----------+-----
Conjurations   | 1 2 |  2.3
Earth Magic    | 4 |  4.6
Dodging        | |  1.5
Stealth        | |  2.1
Spellcasting   | |  2.9
Transmutations | |  0.7

Action                   |  1- 3 |  4- 6 || total
-------------------------+-------+-------++-------
Melee: Mace              |       |     1 ||     1
 Cast: Sandblast         |    44 |    18 ||    62
Armor: Leather armour    |     3 |     1 ||     4
Dodge: Dodged            |     5 |     2 ||     7
